 Dungeon Crawl Stone Soup version 0.21-a0-221-gfe971b9 (webtiles) character file.

450 tof the Ruffian (level 7, -4/44 HPs)
             Began as a Gargoyle Berserker on Aug 24, 2017.
             Was a Priest of Trog.
             Slain by a slave (5 damage)
             ... led by Pikel
             ... on level 5 of the Dungeon.
             The game lasted 00:07:51 (3399 turns).

tof the Ruffian (Gargoyle Berserker)                Turns: 3399, Time: 00:07:51

Health: -4/44      AC: 10    Str: 20    XL:     7   Next: 4%
Magic:  7/7        EV: 12    Int:  8    God:    Trog [***...]
Gold:   263        SH:  0    Dex: 11    Spells: 6/6 levels left

rFire    . . .     SeeInvis .     - Unarmed
rCold    . . .     Gourm    .   (no shield)
rNeg     + . .     Faith    +   y - +0 troll leather armour {Purgy}
rPois    ∞         Spirit   .   (no helmet)
rElec    +         Reflect  .   (no cloak)
rCorr    .         Harm     .   (no gloves)
MR       .....                  k - +0 pair of boots
Stlth    +.........             q - amulet of faith
HPRegen  0.54/turn              (no ring)
MPRegen  0.10/turn              (no ring)

@: no status effects
A: negative energy resistance 1, electricity resistance, unbreathing,
petrification resistance, rot immunity, AC +4
a: Berserk, Trog's Hand, Burn Spellbooks, Renounce Religion


You were on level 5 of the Dungeon.
You worshipped Trog.
Trog was most pleased with you.
You were not hungry.

You visited 1 branch of the dungeon, and saw 5 of its levels.

You collected 263 gold pieces.

Inventory:

Missiles
 x - 6 poisoned javelins (quivered)
Armour
 j - a +0 plate armour
 k - a +0 pair of boots (worn)
 y - a +0 troll leather armour (worn) {Purgy}
Jewellery
 q - an amulet of faith (around neck)
Scrolls
 e - a scroll of enchant weapon {unknown}
 g - 5 scrolls of remove curse
 i - 3 scrolls of teleportation {unknown}
 o - a scroll of blinking {unknown}
 r - a scroll of fog {unknown}
 s - a scroll of identify {unknown}
 t - a scroll of fear {unknown}
 w - a scroll of recharging {unknown}
Potions
 d - 4 potions of curing {unknown}
 f - a potion of might {unknown}
 h - a potion of brilliance {unknown}
 m - a potion of invisibility {unknown}
 n - a potion of haste {unknown}
 u - a potion of cancellation {unknown}
 v - a potion of flight {unknown}
 z - a potion of mutation {unknown}
 A - a potion of experience {unknown}
Comestibles
 a - 8 chunks of flesh
 b - 2 bread rations
 l - 2 meat rations
 p - 2 royal jellies


   Skills:
 + Level 4.3 Fighting
 * Level 4.6 Armour
 + Level 2.8 Dodging
 * Level 5.3 Unarmed Combat


You had 6 spell levels left.
You didn't know any spells.

Dungeon Overview and Level Annotations

Branches:
Dungeon (5/15)
 Temple: D:4-7

Altars:
Nemelex Xobeh
Yredelemnul

Annotations:
D:5 Pikel


Innate Abilities, Weirdness & Mutations

You are resistant to torment.
Your stone body is resilient. (AC +4)
You are immune to poison.
You resist negative energy. (rN+)
You are resistant to electric shocks. (rElec)
You can survive without breathing.
You are immune to petrification.
You are immune to rotting.


Message History

The slave hits you.
* * * LOW HITPOINT WARNING * * *
The slave hits you.
* * * LOW HITPOINT WARNING * * *
Pikel scowls and wipes his hands on his robe.
Pikel hits you but does no damage.
You hit Pikel but do no damage.
Pikel is heavily wounded.
The adder skeleton closely misses you. The slave hits you but does no damage.
The slave closely misses you. The slave hits you.
* * * LOW HITPOINT WARNING * * *
Pikel hits you with a whip of freezing.
* * * LOW HITPOINT WARNING * * *
Pikel freezes you.
* * * LOW HITPOINT WARNING * * *
You closely miss Pikel.
Pikel is heavily wounded.
The adder skeleton bites you but does no damage.
The slave hits you.
You die...

#. .. # #
##.##. #.##
#.....
##.#. #....
......
#..oo #.
....#.
#.op# ..<
### ##
#opK###..#
####
#.#@Z...#
#...
#.pp...##
#...
###.####
#..#
#.######...
#..#
#.........
#..#
#.#####...
#...
#....##.[
#...
#.##.##.#
#.#.
#.##.##.#
#.


You could see Pikel, 4 slaves, an orc wizard, 3 orcs and an adder skeleton.

Vanquished Creatures
  Purgy (D:4)
  2 scorpions (D:4)
  A crimson imp (D:5)
  2 hounds
  A worker ant (D:4)
  A gnoll (D:1)
  3 adders
  A shadow imp (D:5)
  An adder skeleton (D:5)
  2 worms (D:2)
  3 dart slugs (D:1)
  3 leopard geckos
  2 ball pythons (D:3)
  8 bats
  3 giant cockroaches
  9 hobgoblins
  9 jackals
  3 kobolds
  A quokka (D:2)
  7 frilled lizards
  A giant cockroach zombie (D:5)
  7 goblins
  A jackal skeleton (D:4)
  A leopard gecko zombie (D:5)
  A quokka skeleton (D:4)
  15 rats
  A spectral orc (D:2)
90 creatures vanquished.

Notes
Turn   | Place    | Note
-------+----------+-------------------------------------------
     0 | D:1      | tof the Gargoyle Berserker began the quest for the Orb.
     0 | D:1      | Reached XP level 1. HP: 14/14 MP: 1/1
    53 | D:1      | Reached XP level 2. HP: 16/19 MP: 2/2
   539 | D:1      | Reached XP level 3. HP: 22/23 MP: 3/3
  1140 | D:2      | Found a faded altar of an unknown god.
  1198 | D:2      | Reached ** piety under Trog
  1418 | D:2      | Reached XP level 4. HP: 28/28 MP: 4/4
  1621 | D:2      | Found a sparkling altar of Nemelex Xobeh.
  1732 | D:2      | Found a basalt altar of Yredelemnul.
  1850 | D:3      | Reached skill level 4 in Unarmed Combat
  2401 | D:4      | Reached *** piety under Trog
  2423 | D:4      | Reached XP level 5. HP: 23/33 MP: 5/5
  2783 | D:4      | Reached XP level 6. HP: 22/38 MP: 6/6
  3164 | D:4      | Noticed Purgy
  3182 | D:4      | Killed Purgy
  3182 | D:4      | Reached skill level 5 in Unarmed Combat
  3274 | D:5      | Entered Level 5 of the Dungeon
  3359 | D:5      | Reached XP level 7. HP: 44/44 MP: 7/7
  3380 | D:5      | Noticed Pikel
  3398 | D:5      | HP: 2/44 [Pikel/whip of freezing (2)]
  3399 | D:5      | Slain by a slave

Vault maps used:
D:1:      minmay_arrival_split_and_join, minmay_rat_gold_closets
D:2:      yredelemnul_forgotten_temple_becter, chequers_ecumenical_altar_simple,
          nemelex_diamond_rough_becter
D:3:      minmay_misc_feat_cross
D:4:      first_bread, uniq_purgy
D:5:      grunt_temple_overflow_champion_of_chaos,
          nicolae_overflow_hidden_temple, uniq_pikel, uniq_grinder

Skill      XL: |  1  2  3  4  5  6 |
---------------+-------------------+-----
Dodging        | 2 |  2.8
Unarmed Combat | 4 5 |  5.3
Armour         | 3 4 |  4.6
Fighting       | 4 |  4.3

Action                   |  1- 3 |  4- 6 |  7- 9 || total
-------------------------+-------+-------+-------++-------
Melee: Unarmed           |   123 |   254 |    18 ||   395
       Punch             |     2 |     3 |       ||     5
  Use: Scroll            |       |     1 |       ||     1
 Stab: Sleeping          |     2 |       |       ||     2
  Eat: Chunk             |     2 |     6 |       ||     8
Armor: Animal skin       |    35 |       |       ||    35
       Ring mail         |     1 |   108 |       ||   109
       Troll leather arm |       |    19 |    17 ||    36
Dodge: Dodged            |    69 |   143 |    24 ||   236

Table legend:
 A = Spawn XP
 B = Non-spawn XP
 C = Spawn XP percentage of total XP
 D = Spawn monster count
 E = Non-spawn monster count
 F = Spawn count percentage of total count
 G = Total turns spent on level
                    A         B        C        D         E        F      G
               +---------+---------+-------+---------+---------+-------+---------
         Total |      46 |     597 |   7.2 |      11 |      79 |  12.2 |  3399
               +---------+---------+-------+---------+---------+-------+---------
           D:1 |       3 |      54 |   5.3 |       2 |      25 |   7.4 |   956
           D:2 |       7 |      45 |  13.5 |       2 |      19 |   9.5 |   861
           D:3 |       6 |      32 |  15.8 |       3 |      20 |  13.0 |   579
           D:4 |      30 |     355 |   7.8 |       4 |       9 |  30.8 |   878
           D:5 |       0 |     111 |   0.0 |       0 |       6 |   0.0 |   125
               +---------+---------+-------+---------+---------+-------+---------
